 Dungeon Crawl Stone Soup version 0.20.1-1-g8b1a95d (webtiles) character file.

35 Jannitor the Poker (level 3, 0/31 HPs)
             Began as a Centaur Chaos Knight on Oct 6, 2017.
             Slain by an adder (1 damage)
             ... on level 2 of the Dungeon.
             The game lasted 00:01:29 (1174 turns).

Jannitor the Poker (Centaur Chaos Knight)           Turns: 1174, Time: 00:01:33

Health: 0/31       AC:  8    Str: 15    XL:     3   Next: 17%
Magic:  3/3        EV:  2    Int: 11    God:    Xom [..*...]
Gold:   61         SH:  0    Dex:  8    Spells: 2/2 levels left

rFire    . . .     SeeInvis .   a - +0 spear (chaos)
rCold    . . .     Gourm    .   (no shield)
rNeg     . . .     Faith    .   k - +0 plate armour
rPois    .         Spirit   .   (no helmet)
rElec    .         Reflect  .   (no cloak)
rCorr    .         Harm     .   (no gloves)
MR       .....                  (no barding)
Stlth    ..........             (no amulet)
Regen    0.1/turn               (no ring)
MPRegen  0.1/turn               (no ring)

@: lethally poisoned (0 -> -9), very quick
A: hooves 3, deformed body, speed 2, tough skin 3
a: Renounce Religion


You were on level 2 of the Dungeon.
You worshipped Xom.
You were a toy of Xom.
You were not hungry.

You visited 1 branch of the dungeon, and saw 2 of its levels.

You collected 61 gold pieces.

Inventory:

Hand Weapons
 a - a +0 spear of chaos (weapon)
Missiles
 n - 35 arrows
Armour
 b - a +2 leather armour
 k - a +0 plate armour (worn)
Jewellery
 l - an uncursed amulet of magic regeneration {unknown}
 s - an uncursed ring of ice {unknown}
Scrolls
 d - 2 scrolls of remove curse {unknown}
 e - a scroll of recharging {unknown}
 f - 2 scrolls of teleportation {unknown}
 h - a scroll of enchant armour {unknown}
 i - 4 scrolls of identify {unknown}
 t - a scroll of fear {unknown}
Potions
 j - a potion of haste
 m - a potion of heal wounds {unknown}
 q - a potion of lignification
 r - a potion of resistance {unknown}
Comestibles
 c - a bread ration
 o - 3 fruits
 p - a royal jelly


   Skills:
 + Level 3.2 Fighting
 + Level 3.3 Polearms
 + Level 2.0 Armour
 - Level 0.6 Dodging


You had 2 spell levels left.
You didn't know any spells.

Dungeon Overview and Level Annotations

Branches:
Dungeon (2/15)

Altars:


Innate Abilities, Weirdness & Mutations

You have hooves in place of feet.
Armour fits poorly on your strangely shaped body.
You cover ground very quickly.
You have extremely tough skin. (AC +3)


Message History

* * * LOW HITPOINT WARNING * * *
You feel sick. The adder bites you but does no damage. The adder bites you.
* * * LOW HITPOINT WARNING * * *
Unknown command.
It was a potion of lignification.
You turn into a tree.
Your +0 plate armour melds into your body.
Your roots penetrate the ground.
Xom thinks this is hilarious!
* * * LOW HITPOINT WARNING * * *
You feel sick. The adder bites you.
* * * LOW HITPOINT WARNING * * *
It was a potion of cancellation.
Your magical effects are unravelling.
You feel magically purged.
You feel less wooden.
Your +0 plate armour unmelds from your body.
You feel yourself slow down. The adder barely misses you. The adder bites you.
You die... "What!?
That's it?"

######### #.......# ####
#.......# ...# #.......#
##(###############.......#
............[..S@'.......#
##################.......#
######################'##########
...............................).
#.#####################.#######.#
#.# #.# #.# #.# #.## #.# #.# #..#
###.. #.# ##.# #....


You could see an adder (berserk).

Vanquished Creatures
  An ooze (D:1)
  A worm (D:2)
  A dart slug (D:1)
  3 giant cockroaches
  4 goblins
  2 hobgoblins (D:1)
  2 quokkas (D:2)
  2 bats (D:2)
  4 frilled lizards
  3 kobolds
  4 rats
27 creatures vanquished.

Notes
Turn   | Place    | Note
-------+----------+-------------------------------------------
     0 | D:1      | Jannitor the Centaur Chaos Knight began the quest for the Orb.
     0 | D:1      | Reached XP level 1. HP: 19/19 MP: 1/1
   187 | D:1      | XOM: harmless Summ miscast
   315 | D:1      | XOM: harmless Air miscast
   436 | D:1      | Reached XP level 2. HP: 26/26 MP: 2/2
   895 | D:2      | Reached XP level 3. HP: 28/31 MP: 3/3
  1044 | D:2      | XOM: divination: magic mapping
  1173 | D:2      | HP: 2/46 [adder (1)]
  1174 | D:2      | Slain by an adder

Skill      XL: |  1  2  3 |
---------------+----------+-----
Polearms       | 3 |  3.3
Armour         | 2 |  2.0
Fighting       | |  3.2
Dodging        | |  0.6

Action                   || total
-------------------------++-------
Melee: Spear             ||    82
       Kick              ||     9
  Use: Potion            ||     3
 Stab: Paralysed         ||     1
Armor: Leather armour    ||     3
       Plate armour      ||    27
Dodge: Dodged            ||     6
